AoeStats
← Metal

Glade

510436182Analyzed
1v1 RM · 18h ago on Oct 1, 2026· 48m 57s· 2 players
Game mode
Random Map
Map size
Tiny (2 player)
Population
200
Speed
Normal
Resources
Standard
Victory
Conquest
Starting age
Dark Age
Ending age
Imperial Age
RankedLock teamsTeams togetherTeam positionsShared explorationLock speedFull tech treeHidden civsTurbo modeCheats
Victory
Defeat
🇺🇸 Vietnamese · United States
1013
+13
🇦🇷 Italians · Argentina
947
-13
Metal
2:35 Loom
11:39 Feudal Age
14:23 Fletching
19:00 Castle Age
18:14 Town Watch
21:44 Elite Skirmisher
22:39 Padded Archer Armor
23:04 Horse Collar
29:15 Bodkin Arrow
31:44 Wheelbarrow
33:06 Leather Archer Armor
33:48 Gold Mining
35:18 Stone Mining
39:58 Imperial Age
38:30 Heavy Plow
39:46 Hand Cart
41:12 Bracer
41:43 Conscription
42:44 Scale Mail Armor
43:12 Forging
44:24 Chain Mail Armor
48:09 Plate Mail Armor
48:47 Ballistics
Bad Bad Barry
7:14 Loom
10:15 Feudal Age
16:36 Wheelbarrow
19:24 Castle Age
17:27 Horse Collar
17:37 Double-Bit Axe
18:10 Fletching
20:33 Bow Saw
22:57 Hand Cart
22:50 Light Cavalry
24:29 Gold Mining
26:12 Bloodlines
26:35 Thumb Ring
32:07 Imperial Age
31:59 Ballistics
32:08 Murder Holes
36:33 Chemistry
35:24 Elite Skirmisher
36:58 Siege Engineers
39:19 Two-Man Saw
38:22 Heavy Plow
39:13 Paper Money
42:39 Imperial Skirmisher
42:40 Crossbowman
43:19 Bodkin Arrow
43:25 Padded Archer Armor
46:42 Elite Rattan Archer
48:49 Arbalester
Connection lost

Rejoining the realm…

Still unreachable

The connection could not be restored.

Session expired

The server has moved on; the page needs a fresh start.